 Dungeon Crawl Stone Soup version 0.26-a0-800-g517d6fe721 (webtiles) character file.

Game seed: 10949387063803130940

49 EnegeticOcto the Skirmisher (level 3, -1/31 HPs)
             Began as a Ghoul Warper on Nov 11, 2020.
             Was a Plaything of Xom.
             Slain by an orc
             ... wielding a +0 club
              (2 damage)
             ... on level 3 of the Dungeon.
             The game lasted 00:02:39 (440 turns).

EnegeticOcto the Skirmisher (Ghoul Warper)           Turns: 440, Time: 00:02:41

Health: -1/31      AC:  7    Str: 14    XL:     3   Next: 77%
Magic:  4/4        EV:  9    Int:  9    God:    Xom [..*...]
Gold:   56         SH:  0    Dex:  8    Spells: 5/5 levels left

rFire    . . .     SeeInvis .     - Unarmed
rCold    + . .     Faith    .   (no shield)
rNeg     + + +     Spirit   .   o - +0 scale mail
rPois    ∞         Reflect  .   l - +0 helmet
rElec    .         Harm     .   (no cloak)
rCorr    .         Rampage  .   (no gloves)
MR       .....                  (no boots)
Stlth    ..........             (no amulet)
HPRegen  0.00/turn              (no ring)
MPRegen  0.09/turn              (no ring)

@: no status effects
A: rotting body, claws 1, cold resistance 1, negative energy resistance 3,
inhibited regeneration, torment resistance, unbreathing
a: Renounce Religion


You were on level 3 of the Dungeon.
You worshipped Xom.
You were a toy of Xom.
You visited 1 branch of the dungeon, and saw 3 of its levels.

You collected 56 gold pieces.

Inventory:

Missiles
 d - 4 boomerangs of dispersal (quivered)
 f - 23 arrows
 j - 10 bolts
Armour
 a - a +0 leather armour
 l - a +0 helmet (worn)
   (You found it on level 2 of the Dungeon)
 o - a +0 scale mail (worn)
   (You took it off a kobold on level 2 of the Dungeon)
Scrolls
 c - a scroll of blinking {@r4}
 g - 3 scrolls of teleportation {unknown}
 m - a scroll of fear {unknown}
 p - a scroll of remove curse {unknown}
Potions
 b - a potion of degeneration {unknown}
 e - a potion of might {unknown}
 h - a potion of resistance {unknown}
 i - 2 potions of brilliance {unknown}
 k - a potion of haste {unknown}
 n - a potion of heal wounds {unknown}


   Skills:
 + Level 3.4 Fighting
 - Level 0.8 Throwing
 - Level 0.8 Armour
 - Level 1.7 Dodging
 + Level 3.4 Unarmed Combat
 - Level 1.7 Spellcasting
   Level 2.6 Translocations


You had 5 spell levels left.
You didn't know any spells.
Your spell library contained the following spells:

 Spells                   Type           Power        Failure   Level
 Blink                    Tloc           N/A          58%         2
 Gell's Gravitas          Tloc           #.........   83%         3
 Lesser Beckoning         Tloc           #.........   83%         3
 Teleport Other           Tloc           #.......     83%         3
 Passage of Golubria      Tloc           N/A          99%         4


Dungeon Overview and Level Annotations

Branches:
Dungeon (3/15)

Altars:
Xom


Innate Abilities, Weirdness & Mutations

Your body is rotting away.
You thrive by killing the living.
You are immune to poison.
You have sharp fingernails.
Your flesh is cold resistant. (rC+)
You are immune to negative energy. (rN+++)
You do not regenerate when monsters are visible.
You are immune to unholy pain and torment.
You can survive without breathing.


Message History

The ball python closely misses you. x2
You closely miss the ball python. The ball python closely misses you.
The ball python grabs you. The ball python constricts you.
You barely miss the ball python. The ball python completely misses you.
The ball python constricts you.
You scratch the ball python.
The ball python is heavily wounded.
The ball python bites you but does no damage.
The ball python constricts you.
You scratch the ball python but do no damage.
The ball python is heavily wounded.
The ball python bites you but does no damage.
The ball python constricts you.
You closely miss the ball python.
The ball python is heavily wounded.
The ball python bites you but does no damage.
The ball python constricts you.
You closely miss the ball python.
The ball python is heavily wounded.
The ball python bites you but does no damage.
The ball python constricts you.
The ball python bites you but does no damage.
* * * LOW HITPOINT WARNING * * *
The ball python constricts you.
You claw the ball python!
You kill the ball python!
You scratch the frilled lizard.
You kill the frilled lizard!
Things that are here:
a frilled lizard corpse; a ball python corpse
Found 5 gold pieces.
Found a dagger.
A giant cockroach comes into view.
You see here 15 gold pieces.
You now have 51 gold pieces (gained 15).
The giant cockroach bites you.
* * * LOW HITPOINT WARNING * * *
You scratch the giant cockroach.
The giant cockroach is severely wounded.
The giant cockroach bites you.
* * * LOW HITPOINT WARNING * * *
You scratch the giant cockroach.
You kill the giant cockroach!
You see here a giant cockroach corpse.
Found 13 stones.
Found a stone staircase leading down.
You now have 56 gold pieces (gained 5).
Xom smirks.
You detect items!
Found 21 stones.
Found a quarterstaff.
You see here 21 stones.
There is a stone staircase leading down here.
You climb downwards.
A gnoll comes into view.
The gnoll shouts!
You hear a shout!
There is a stone staircase leading up here. 2 gnolls come into view.
The gnoll shouts! x2
A quokka comes into view.
Found a long sword.
There is a stone staircase leading up here.
You scratch the gnoll.
The gnoll is moderately wounded.
Xom smirks.
You detect creatures!
The gnoll hits you with a +0 club.
* * * LOW HITPOINT WARNING * * *
You barely miss the gnoll.
The gnoll is moderately wounded.
A kobold comes into view.
The kobold shouts!
The kobold throws a stone.
The stone barely misses you.
A frilled lizard comes into view.
Found an emerald potion.
You see here a stone.
The frilled lizard hisses angrily.
The kobold throws a stone.
The stone closely misses you.
You see here a stone.
The kobold throws a stone.
The stone hits you but does no damage.
You see here a stone.
The kobold throws a stone.
The stone hits you but does no damage.
Found a scroll labelled MIH WE ENAXKO and 5 curare-tipped darts.
You see here a stone.
The kobold throws a stone.
The stone hits you.
* * * LOW HITPOINT WARNING * * *
You see here a stone.
You see here a scroll labelled MIH WE ENAXKO.
An orc comes into view. It is wielding a +0 club.
An orc comes into view. It is wielding a +0 hand axe.
The orc shouts!
You see here 5 curare-tipped darts.
You completely miss the gnoll.
An orc comes into view. It is wielding a +0 falchion.
The gnoll hits you with a +0 flail.
* * * LOW HITPOINT WARNING * * *
You barely miss the gnoll.
The orc shouts!
An orc comes into view. It is wielding a +0 mace.
The orc hits you with a +0 club.
You die...
Xom snickers! g #### o w o

##..######### o ##
#...........# #o.
#.!.........# ..
#...........#
##..#.#####.K(......#
o
o..o..o@ggl#(l(....##
o
##.##.####g.###(####
# ##.##.(# #####
#.g.<##.....#
#.....gg...#
#.#..#..####
..)......# w
........##...
###.....# ##..


You could see 3 gnolls, 4 orcs, a kobold and a frilled lizard.

Vanquished Creatures
  Natasha (D:2)
  An adder (D:2)
  A ball python (D:2)
  A giant cockroach (D:2)
  2 goblins (D:1)
  3 hobgoblins (D:1)
  A bat (D:2)
  3 frilled lizards
  3 kobolds
16 creatures vanquished.

Notes
Turn   | Place    | Note
-------+----------+-------------------------------------------
     0 | D:1      | EnegeticOcto the Ghoul Warper began the quest for the Orb.
     0 | D:1      | Reached XP level 1. HP: 17/17 MP: 2/2
   145 | D:1      | Reached XP level 2. HP: 11/25 MP: 3/3
   244 | D:2      | Found a faded altar of an unknown god.
   246 | D:2      | Became a worshipper of Xom of Chaos
   249 | D:2      | Noticed Natasha
   257 | D:2      | Killed Natasha
   257 | D:2      | Reached skill level 3 in Fighting
   257 | D:2      | Reached skill level 3 in Unarmed Combat
   257 | D:2      | Reached XP level 3. HP: 12/31 MP: 4/4
   405 | D:2      | XOM: divination: detect items
   427 | D:3      | XOM: divination: detect creatures
   439 | D:3      | HP: 1/31 [gnoll/+0 flail (1)]
   440 | D:3      | Slain by an orc

Illustrated notes

Levels and vault maps discovered:
D:1:      saegor_arrival_simple_d, layout_rooms
D:2:      layout_basic, chequers_ecumenical_altar_twisty, uniq_natasha
D:3:      layout_rooms, nicolae_overflow_hidden_temple, marbit_many_paths

Skill      XL: |  1  2 |
---------------+-------+-----
Fighting       | 3 |  3.4
Unarmed Combat | 3 |  3.4
Throwing       | |  0.8
Armour         | |  0.8
Dodging        | |  1.7
Spellcasting   | |  1.7
Translocations | |  2.6

Action                   || total
-------------------------++-------
Melee: Unarmed           ||    75
Throw: Boomerang         ||     1
Armor: Leather armour    ||    11
       Scale mail        ||     8
Dodge: Dodged            ||    30

Table legend: (Time is in decaauts)
 A = Elapsed time spent in this place.
 B = Non-inter-level travel time spent in this place.
 C = Inter-level travel time spent in this place.
 D = Time resting spent in this place.
 E = Time spent auto-exploring this place.
 F = Levels seen in this place.
 G = Mean time per level.
                   A        B        C        D        E       F      G
               +--------+--------+--------+--------+--------+-----+--------+
         Total |    437 |    437 |      0 |      0 |      0 |   3 |  145.7 |
       Dungeon |    437 |    437 |      0 |      0 |      0 |   3 |  145.7 |
               +--------+--------+--------+--------+--------+-----+--------+

Top non-repeatable levels by time:
     D:2: 219 daAuts
     D:1: 200 daAuts
     D:3: 18 daAuts
